 Dungeon Crawl Stone Soup version 0.25-a0-577-ga4619f409e (webtiles) character file.

Game seed: 3041392575286680008, levelgen mode: deterministic

40085 Flugslaktarn the Severer (level 13, 0/122 HPs)
             Began as a Deep Dwarf Fighter on Mar 2, 2020.
             Was a High Priest of Makhleb.
             Slain by an alligator snapping turtle (14 damage)
             ... on level 1 of the Shoals.
             The game lasted 00:08:19 (10732 turns).

Flugslaktarn the Severer (Deep Dwarf Fighter)      Turns: 10732, Time: 00:08:20

Health: 0/122      AC: 30    Str: 26    XL:     13   Next: 72%
Magic:  3/3        EV:  7    Int:  8    God:    Makhleb [*****.]
Gold:   649        SH: 13    Dex: 12    Spells: 12/12 levels left

rFire    + . .     SeeInvis .   A - +3 hand axe (flame)
rCold    . . .     Gourm    .   c - +0 kite shield
rNeg     . . .     Faith    .   F - +6 plate armour "Compiq" {MR+}
rPois    .         Spirit   .   B - +1 helmet
rElec    .         Reflect  .   (no cloak)
rCorr    .         Harm     .   u - +2 pair of gloves
MR       ++...                  j - +2 pair of boots
Stlth    ..........             (no amulet)
HPRegen  0.00/turn              f - ring of protection from fire
MPRegen  0.08/turn              (no ring)

@: mighty, non-regenerating
A: damage resistance, heal wounds, sense surroundings 2, no regeneration
a: Heal Wounds, Minor Destruction, Lesser Servant of Makhleb, Major Destruction,
Greater Servant of Makhleb, Renounce Religion


You were on level 1 of the Shoals.
You worshipped Makhleb.
Makhleb was extremely pleased with you.
You were not hungry.

You visited 4 branches of the dungeon, and saw 18 of its levels.

You collected 789 gold pieces.
You spent 140 gold pieces at shops.

Inventory:

Hand Weapons
 a - a +0 war axe
 A - a +3 hand axe of flaming (weapon)
   (You took it off a big kobold on level 8 of the Dungeon)
Armour
 c - a +0 kite shield (worn)
 j - a +2 pair of boots (worn)
   (You found it on level 6 of the Dungeon)
 u - a +2 pair of gloves (worn)
   (You found it on level 6 of the Dungeon)
 B - a +1 helmet (worn)
   (You took it off Robin on level 4 of the Dungeon)
 E - a +0 chain mail of poison resistance
   (You took it off an orc on level 9 of the Dungeon)
 F - the +6 plate armour "Compiq" (worn) {MR+}
   (You found it on level 6 of the Lair of Beasts)

   It affects your resistance to hostile enchantments.
   If you remove this armour, your AC will decrease by 21 (30 -> 9).
Jewellery
 f - a ring of protection from fire (left hand)
   (You found it on level 4 of the Dungeon)
Wands
 p - a wand of enslavement (9)
   (You found it on level 2 of the Lair of Beasts)
 v - a wand of digging (7)
   (You found it on level 1 of the Lair of Beasts)
Scrolls
 m - a scroll of fog
 o - a scroll of fear
 t - 4 scrolls of teleportation
 x - 3 scrolls of remove curse
 y - 2 scrolls of immolation
Potions
 d - 3 potions of might
 h - 2 potions of haste
 i - a potion of stabbing
 k - 2 potions of flight
 n - 3 potions of resistance
 q - 2 potions of curing
 s - 2 potions of ambrosia
 w - 4 potions of heal wounds
 z - 2 potions of degeneration {unknown}
 D - a potion of invisibility {unknown}
Miscellaneous
 g - a lamp of fire
   (You found it on level 3 of the Lair of Beasts)
Comestibles
 b - 11 chunks of flesh
 e - 32 rations


   Skills:
 + Level 9.7 Fighting
 * Level 15.1 Axes
 + Level 11.3 Armour
 + Level 11.5 Shields
 + Level 11.0 Invocations


You had 12 spell levels left.
You didn't know any spells.
Your spell library was empty.

Dungeon Overview and Level Annotations

Branches:
Dungeon (10/15)            Temple (1/1) D:6            Lair (6/6) D:9
 Shoals (1/4) Lair:3        Snake (0/4) Lair:2        Slime (0/5) Lair:5
    Orc: D:9-12

Altars:
Ashenzari
Cheibriados
Dithmenos
Elyvilon
Fedhas
Gozag
Hepliaklqana
Kikubaaqudgha
Makhleb
Nemelex Xobeh
Okawaru
Ru
Sif Muna
Trog
Uskayaw
Vehumet
Wu Jian
Xom
Yredelemnul
Zin
The Shining One

Shops:
D:5 }   D:8 !

Annotations:
Lair:4 1 runed translucent door, exclusion: 2 oklob plants, Kaimiung's ghost, journeyman MiFi
Lair:5 1 runed translucent door


Innate Abilities, Weirdness & Mutations

You are resistant to damage.
You can heal yourself by infusing magical energy.
You passively map the area around you.
You do not regenerate.


Message History

You completely miss the alligator snapping turtle.
The alligator snapping turtle is lightly wounded.
Your magical essence is drained by the effort!
You feel much better.
The alligator snapping turtle bites you!
You hit the alligator snapping turtle. You burn the alligator snapping turtle.
The alligator snapping turtle is lightly wounded.
The alligator snapping turtle bites you!!
You hit the alligator snapping turtle but do no damage.
The alligator snapping turtle is lightly wounded.
Your plate armour "Compiq" prevents you from hitting the alligator snapping turtle.
The alligator snapping turtle is lightly wounded.
The alligator snapping turtle bites you!!
* * * LOW HITPOINT WARNING * * *
You hit the alligator snapping turtle but do no damage.
The alligator snapping turtle is lightly wounded.
You hit the alligator snapping turtle but do no damage.
The alligator snapping turtle is lightly wounded.
The alligator snapping turtle bites you!
You die...

≈ ###..
##(........≈≈≈≈≈≈.≈≈≈≈≈
**#.,###.<....≈≈..≈≈≈....≈≈≈≈
, #.....≈≈.......≈≈.≈≈....≈≈.
#..####.≈.......≈≈≈≈≈.......
, # #.≈≈≈....##.≈≈.........
*, #.≈≈≈.......≈≈..##.... * *
..≈≈≈≈≈≈..≈≈≈≈≈.## #. , *
.≈≈≈≈≈≈≈≈.≈≈≈≈..# * , ≈ * *
..≈≈≈≈≈≈t@.......#* * , , ,
..≈≈≈≈≈........#, ,
≈≈≈≈≈≈......#### * , ≈≈ ,
.≈≈≈≈.##...## , ≈≈ .≈≈≈≈≈
....# * , , ≈ ≈ ≈
..≈≈≈≈≈≈≈..# * , ≈ ,
##..≈≈≈≈≈≈≈. , , , , #..≈
≈≈≈≈≈.. ** ** ≈ , , ≈ , ,


You could see an alligator snapping turtle.

Vanquished Creatures
  Nessos (Lair:6)
  A dire elephant (Lair:6)
  A merfolk javelineer (Shoals:1)
  A catoblepas (Lair:6)
  6 hydras
  A queen ant (Lair:2)
  A deep troll shaman (Lair:6)
  4 death yaks (Lair:6)
  A fire crab (Lair:5)
  A water nymph (Shoals:1)
  4 black mambas
  4 elephants (Lair:6)
  A gargoyle (D:8)
  6 spiny frogs
  A rime drake (Lair:5)
  3 komodo dragons
  3 polar bears
  3 merfolk (Shoals:1)
  7 hippogriffs
  9 dream sheep
  8 blink frogs (Lair:2)
  Sigmund (D:5)
  4 wyverns
  2 water elementals (Shoals:1)
  36 yaks
  2 basilisks
  A hungry ghost (D:7)
  2 nagas (Lair:2)
  8 water moccasins
  15 soldier ants (Lair:2)
  9 porcupines
  2 orc warriors (D:9)
  2 ice beasts (D:8)
  3 black bears
  A necrophage (D:7)
  3 sky beasts
  6 ogres
  11 wolves
  A centaur (D:7)
  15 crocodiles
  3 big kobolds (D:8)
  10 bullfrogs
  3 scorpions
  5 killer bees (D:8)
  An electric eel (Lair:4)
  3 howler monkeys
  2 vampire bats (D:4)
  2 quasits
  A bullfrog zombie (D:8)
  3 crimson imps
  A centaur skeleton (D:5)
  A bullfrog skeleton (D:6)
  9 hounds
  An orc priest (D:9)
  5 jellies
  4 orc wizards
  2 iguanas
  35 worker ants
  2 worker ant zombies
  Robin (D:4)
  A howler monkey skeleton (D:6)
  8 adders
  6 river rats (D:5)
  A shadow imp (D:9)
  An ooze (Lair:5)
  5 adder skeletons
  4 leopard geckos
  11 orcs
  5 bats
  2 bat skeletons (D:4)
  4 bat zombies (D:4)
  3 giant cockroaches
  5 hobgoblins
  16 jackals
  A kobold (D:1)
  6 quokkas (D:5)
  2 ball pythons
  2 frilled lizards
  9 goblins
  2 leopard gecko skeletons
  2 quokka skeletons
  21 rats
  3 fungi
  3 plants
408 creatures vanquished.

Vanquished Creatures (collateral kills)
  A death yak (Lair:6)
1 creature vanquished.

Vanquished Creatures (others)
  14 fungi
  12 plants
26 creatures vanquished.

Grand Total: 435 creatures vanquished

Notes
Turn   | Place    | Note
-------+----------+-------------------------------------------
     0 | D:1      | Flugslaktarn the Deep Dwarf Fighter began the quest for the
                  | Orb.
     0 | D:1      | Reached XP level 1. HP: 20/20 MP: 1/1
    80 | D:1      | Reached XP level 2. HP: 25/27 MP: 2/2
   449 | D:4      | Reached skill level 3 in Axes
   449 | D:4      | Reached XP level 3. HP: 25/33 MP: 3/3
   540 | D:4      | Found an ancient bone altar of Kikubaaqudgha.
   548 | D:4      | Reached XP level 4. HP: 30/42 MP: 4/4
   611 | D:4      | Found a bloodstained altar of Trog.
   683 | D:4      | Noticed Robin
   708 | D:4      | Killed Robin
   708 | D:4      | Reached skill level 4 in Axes
   708 | D:4      | Reached XP level 5. HP: 32/49 MP: 4/4
   881 | D:5      | Entered Level 5 of the Dungeon
   890 | D:5      | Found Kizapp's Gadget Boutique.
   915 | D:5      | Found a glowing silver altar of Zin.
  1111 | D:5      | Reached XP level 6. HP: 34/56 MP: 4/4
  1374 | D:5      | Found a blossoming altar of Fedhas.
  1453 | D:5      | Reached skill level 5 in Axes
  1466 | D:5      | Noticed Sigmund
  1472 | D:5      | Killed Sigmund
  1472 | D:5      | Reached XP level 7. HP: 48/64 MP: 5/5
  1773 | D:6      | Reached skill level 5 in Shields
  1817 | D:6      | Reached skill level 6 in Axes
  1817 | D:6      | Reached skill level 5 in Armour
  1868 | D:6      | Found a staircase to the Ecumenical Temple.
  1911 | Temple   | Entered the Ecumenical Temple
  2903 | D:7      | Reached XP level 8. HP: 53/73 MP: 5/5
  2994 | D:7      | Reached skill level 7 in Axes
  3124 | D:7      | Reached skill level 5 in Fighting
  3307 | D:7      | Found a shimmering blue altar of Sif Muna.
  3344 | D:7      | Noticed a hippogriff
  3360 | D:7      | Killed a hippogriff
  3360 | D:7      | Reached skill level 8 in Axes
  3601 | D:7      | Gained mutation: You passively map the area around you.
                  | [Deep Dwarf growth]
  3601 | D:7      | Reached XP level 9. HP: 64/81 MP: 3/3
  3778 | D:8      | Found a burning altar of Makhleb.
  3805 | D:8      | Became a worshipper of Makhleb the Destroyer
  3834 | D:8      | Reached skill level 9 in Axes
  3834 | D:8      | Reached skill level 1 in Invocations
  3890 | D:8      | Noticed a two-headed hydra
  3893 | D:8      | Killed a one-headed hydra
  3901 | D:8      | Reached skill level 10 in Axes
  3924 | D:8      | Found Saecs's Distillery.
  3945 | D:8      | Reached XP level 10. HP: 52/92 MP: 5/5
  3966 | D:8      | Bought a potion of resistance for 140 gold pieces
  4140 | D:8      | Noticed a gargoyle
  4177 | D:8      | Reached * piety under Makhleb
  4201 | D:8      | Killed a gargoyle
  4602 | D:9      | Found a blossoming altar of Fedhas.
  4606 | D:9      | Reached skill level 5 in Invocations
  4692 | D:9      | Reached skill level 11 in Axes
  4815 | D:9      | Reached ** piety under Makhleb
  4837 | D:9      | Found a staircase to the Lair.
  5215 | D:9      | Found a hazy altar of Hepliaklqana.
  5281 | D:10     | Entered Level 10 of the Dungeon
  5304 | Lair:1   | Entered Level 1 of the Lair of Beasts
  5431 | Lair:1   | Noticed a six-headed hydra
  5446 | Lair:1   | Killed a one-headed hydra
  5446 | Lair:1   | Reached XP level 11. HP: 100/100 MP: 5/5
  6151 | Lair:2   | Found a staircase to the Snake Pit.
  6179 | Lair:2   | Reached skill level 12 in Axes
  6308 | Lair:2   | Noticed a queen ant
  6373 | Lair:2   | Killed a queen ant
  6396 | Lair:2   | Reached *** piety under Makhleb
  6981 | Lair:2   | Reached XP level 12. HP: 104/111 MP: 8/8
  7659 | Lair:3   | Found a staircase to the Shoals.
  7659 | Lair:3   | Noticed a four-headed hydra
  7665 | Lair:3   | Killed a one-headed hydra
  7665 | Lair:3   | Reached skill level 13 in Axes
  7665 | Lair:3   | Reached skill level 10 in Shields
  7990 | Lair:4   | Reached **** piety under Makhleb
  8000 | Lair:4   | Reached skill level 10 in Armour
  8095 | Lair:4   | Noticed an eight-headed hydra
  8107 | Lair:4   | Killed a one-headed hydra
  8331 | Lair:4   | Found a runed translucent door.
  8331 | Lair:4   | Noticed Kaimiung's ghost (journeyman MiFi)
  8699 | Lair:5   | Found a runed translucent door.
  8828 | Lair:5   | Found a staircase to the Slime Pits.
  9043 | Lair:5   | Reached ***** piety under Makhleb
  9280 | Lair:6   | Entered Level 6 of the Lair of Beasts
  9311 | Lair:6   | Reached skill level 14 in Axes
  9366 | Lair:6   | Reached skill level 10 in Invocations
  9366 | Lair:6   | Reached XP level 13. HP: 121/121 MP: 10/10
 10002 | Lair:6   | Noticed Nessos
 10036 | Lair:6   | Killed Nessos
 10316 | Lair:6   | Noticed a dire elephant
 10364 | Lair:6   | Killed a dire elephant
 10364 | Lair:6   | Reached skill level 15 in Axes
 10426 | Lair:6   | Got a brightly glowing plate armour
 10439 | Lair:6   | Identified the +6 plate armour "Compiq" {MR+} (You found it
                  | on level 6 of the Lair of Beasts)
 10564 | Shoals:1 | Entered Level 1 of the Shoals
 10564 | Shoals:1 | Noticed a merfolk javelineer
 10608 | Shoals:1 | Killed a merfolk javelineer
 10732 | Shoals:1 | Slain by an alligator snapping turtle

Levels and vault maps discovered:
D:1:      minmay_arrival_shattered_statue, layout_basic
D:2:      layout_basic, trog_hazing_becter
D:3:      layout_basic, nicolae_qazlal_eye_of_the_storm, first_ration
D:4:      layout_loops_ring, kennysheep_little_box, kennysheep_vampire_church,
          uniq_robin
D:5:      lemuel_ratsnest, layout_loops_ring, lemuel_doored_altar,
          zin_scriptorium, serial_shops,
          nicolae_shop_temple_entry_statues_fountains,
          chequers_ossuary_entry_cave, uniq_sigmund
D:6:      layout_gridville, lemuel_temple_firewalk_b
D:7:      layout_basic, lemuel_crystal_altar
D:8:      layout_basic, lemuel_crystal_altar, serial_shops,
          nicolae_shop_temple_entry_statues_fountains, hangedman_ranch
          [blue_anna_fruit_fields]
D:9:      layout_loops_cross, nicolae_overflow_hidden_temple,
          grunt_lair_entry_orc_guard_hut, fedhas_altar_1
D:10:     nrook_guardian_serpent_snake_passage, layout_basic, serial_shops, shop
Temple:   dpeg_chambers_temple
Lair:1:   layout_gridlike, fungi_pond_lemuel, beast_lair_carwin_7,
          lemuel_fruit_tree
Lair:2:   layout_regular_city, guppyfry_snake_entry_garden, zaba_anthell
Lair:3:   layout_roguey, shoals_dummy_entry, minivault_19
Lair:4:   layout_hall_layers, ebering_ghost_reflecting_pool, st_stairs_7,
          wad_woods_river_01, grunt_megastairs_5, minmay_lair_oklob_chamber
Lair:5:   gammafunk_mikee_crab_dinner, layout_concentric_octagons,
          nicolae_slime_entry_slimehenge, grunt_megastairs_2
Lair:6:   grunt_lair_end_beastmaster, layout_loops_ring, st_stairs_6,
          uniq_nessos
Shoals:1: layout_shoals, serial_shops, nicolae_shop_trees, uniq_frances

Skill      XL: |  1  2  3  4  5  6  7  8  9 10 11 12 13 |
---------------+----------------------------------------+-----
Axes           | 3 4 5 6 8 10 11 12 14 15 | 15.1
Fighting       | 3 4 5 6 7 8 9 |  9.7
Armour         | 4 5 6 7 8 9 10 11 | 11.3
Shields        | 4 5 6 7 8 9 10 11 | 11.5
Invocations    | 3 6 8 10 11 | 11.0

Action                   |  1- 3 |  4- 6 |  7- 9 | 10-12 | 13-15 || total
-------------------------+-------+-------+-------+-------+-------++-------
Melee: War axe           |   100 |   172 |   261 |       |       ||   533
       Hand axe          |       |       |    57 |  1186 |   435 ||  1678
Invok: Lesser Servant of |       |       |       |       |     4 ||     4
 Abil: Heal Wounds       |       |     4 |    10 |     9 |    23 ||    46
  Use: Scroll            |       |       |       |    18 |     5 ||    23
       Potion            |       |       |       |       |     2 ||     2
 Stab: Petrified         |       |       |       |       |    12 ||    12
       Petrifying        |       |       |       |       |     2 ||     2
  Eat: Chunk             |       |     3 |    10 |    19 |     5 ||    37
       Ration            |       |       |     1 |       |       ||     1
Armor: Scale mail        |    81 |    59 |   175 |    78 |       ||   393
       Chain mail        |       |       |       |   339 |   128 ||   467
       Plate armour      |       |       |       |       |    46 ||    46
Dodge: Dodged            |    58 |    50 |    82 |   248 |    97 ||   535
Block: Kite shield       |    78 |    88 |   165 |   507 |   195 ||  1033

Table legend:
 A = Non-vault XP
 B = Vault XP
 C = Vault XP percentage of total XP
 D = Non-vault monster count
 E = Vault monster count
 F = Vault count percentage of total count
                 A         B        C        D         E       F
            +---------+---------+-------+---------+---------+-------
      Total |   34749 |   22516 |  39.3 |     248 |     155 |  38.5
            +---------+---------+-------+---------+---------+-------
        D:1 |      13 |       0 |   0.0 |       7 |       0 |   0.0
        D:2 |       9 |       0 |   0.0 |       6 |       0 |   0.0
        D:4 |      24 |     159 |  86.9 |      12 |      19 |  61.3
        D:5 |     260 |     343 |  56.9 |      16 |      33 |  67.3
        D:6 |     440 |       0 |   0.0 |      10 |       0 |   0.0
        D:7 |    1821 |       0 |   0.0 |      30 |       0 |   0.0
        D:8 |    1717 |    2178 |  55.9 |      28 |       8 |  22.2
        D:9 |    2695 |     685 |  20.3 |      33 |       5 |  13.2
     Lair:1 |    2548 |     670 |  20.8 |       9 |       6 |  40.0
     Lair:2 |    4451 |    4464 |  50.1 |      17 |      46 |  73.0
     Lair:3 |    1911 |       0 |   0.0 |       6 |       0 |   0.0
     Lair:4 |    5043 |    1569 |  23.7 |      22 |       9 |  29.0
     Lair:5 |    3327 |     275 |   7.6 |      14 |       6 |  30.0
     Lair:6 |    7380 |   12173 |  62.3 |      30 |      23 |  43.4
   Shoals:1 |    3110 |       0 |   0.0 |       8 |       0 |   0.0
            +---------+---------+-------+---------+---------+-------
